Map: Cactus Valley LE (Void)

Players

Maru

  • Race: Terran Terran
  • League: Diamond
  • Spawn Location: 5:00

Musumeci - Winner!

  • Race: Zerg Zerg
  • League: Diamond
  • Spawn Location: 1:00

VOD

Have the link to the VOD?

Description

Time

  • Played on: Feb. 9, 2017, 3:08 p.m.
  • Length: 5:11
Show
View Real Time Build Order
Export as new Build Order

Maru Terran 

Build Orders:  

Get SALT Encoding   

  12  0:00  SCV  
  13  0:13  SCV  
  14  0:20  Supply Depot  
  14  0:25  SCV  
  14  0:27  Refinery  
  15  0:41  SCV  
  16  0:46  Barracks  
  16  0:53  SCV  
  17  1:05  SCV  
  18  1:17  SCV  
  19  1:34  Orbital Command  
  19  1:36  Reaper  
  19  1:38  Bunker  
  20  1:52  Supply Depot  
  20  1:58  Factory  
  20  2:01  SCV  
  21  2:08  Reaper  
  21  2:13  SCV  
  23  2:25  SCV  
  24  2:36  Refinery  
  24  2:38  SCV  
  24  2:41  Widow Mine  
  27  2:47  Reaper  
  27  2:50  SCV  
  29  2:53  Barracks  
  29  2:54  Barracks  
  29  3:19  Marine  
  30  3:29  Widow Mine  
  30  3:36  Marine  
  29  3:42  Marine x2  
  30  3:54  Marine  
  30  3:58  Widow Mine  
  30  4:00  Marine x2  
  21  4:11  SCV  
  21  4:12  Marine  
  21  4:18  Marine  
  21  4:23  SCV  
  20  4:30  Marine  
  20  4:35  SCV  
  18  4:48  SCV, Marine  
  18  4:52  Marine x2  
Show
View Real Time Build Order
Export as new Build Order

Musumeci Zerg - Winner!

Build Orders: Pool First 

Get SALT Encoding   

  12  0:01  Drone  
  13  0:08  Drone  
  14  0:21  Extractor  
  14  0:22  Drone  
  15  0:31  Spawning Pool  
  14  0:43  Overlord  
  14  0:50  Drone, Extractor x2  
  14  0:54  Drone  
  16  1:23  Hatchery  
  15  1:27  Zergling x4  
  15  1:28  Zergling x2  
  18  1:52  Hatchery  
  17  1:58  Zergling x4  
  19  2:05  Overlord  
  19  2:13  Zergling x2  
  20  2:21  Zergling x2  
  21  2:34  Zergling x2  
  21  2:36  Queen  
  24  2:37  Zergling x2  
  25  2:52  Zergling x2  
  26  3:02  Zergling x2  
  26  3:06  Queen, Zergling x2  
  26  3:12  Queen  
  25  3:34  Zergling x6  
  27  3:47  Queen  
  28  3:55  Zergling x6  
  26  3:56  Zergling x6  
  27  4:23  Zergling x2  
  27  4:24  Zergling x4  
  27  4:26  Zergling x8  
  28  4:38  Zergling x2  
  28  4:39  Zergling x2  
  31  4:46  Zergling x4  
Tags
 
Add a new tag
Caveats
  • Supply blocks, unpowered buildings, or Contaminate may cause inaccurate times.
  • Supply counts are checked every 10 seconds.